 Dungeon Crawl Stone Soup version 0.27.1-34-g3ba077fa99 (webtiles) character file.

Game seed: 12174551535723446036

308 comborobin the Sneak (level 6, -4/40 HPs)
             Began as a Tengu Delver on Jan 4, 2022.
             Slain by a wyvern zombie (10 damage)
             ... on level 4 of the Dungeon.
             The game lasted 00:03:16 (2318 turns).

comborobin the Sneak (Tengu Delver)                 Turns: 2318, Time: 00:03:16

Health: -4/40      AC:  5    Str: 12    XL:     6   Next: 40%
Magic:  7/7        EV: 15    Int: 13    God:
Gold:   63         SH:  0    Dex: 15    Spells: 5/5 levels left

rFire    . . .     SeeInvis .     - Unarmed
rCold    . . .     Faith    .   (no shield)
rNeg     . . .     Spirit   .   a - +0 leather armour
rPois    .         Reflect  .   (helmet restricted)
rElec    .         Harm     .   m - +0 cloak
rCorr    .         Rampage  .   g - +0 pair of gloves
Will     .....                  (boots unavailable)
Stlth    +++.......             (no amulet)
HPRegen  0.13/turn              (no ring)
MPRegen  0.10/turn              (no ring)

@: flying quickly and evasively, quick
A: beak, talons 3, nimble flight
a: no special abilities


You were on level 4 of the Dungeon.
You visited 1 branch of the dungeon, and saw 4 of its levels.

You collected 63 gold pieces.

Inventory:

Missiles
 k - a silver javelin (quivered)
Armour
 a - a +0 leather armour (worn)
 g - a +0 pair of gloves (worn)
 m - a +0 cloak (worn)
Wands
 e - a wand of paralysis (3)
 f - a wand of digging (3)
Scrolls
 b - a scroll of fog
 c - a scroll of magic mapping
 d - a scroll of fear
 h - a scroll of torment {unknown}
 j - a scroll of teleportation {unknown}
 n - a scroll of immolation {unknown}
 o - a scroll of acquirement {unknown}
 p - a scroll of identify {unknown}
Potions
 i - a potion of ambrosia {unknown}


   Skills:
 + Level 4.9 Fighting
 + Level 2.7 Armour
 + Level 3.7 Dodging
 - Level 5.0 Stealth
 + Level 3.8 Unarmed Combat


You had 5 spell levels left.
You didn't know any spells.
Your spell library was empty.

Dungeon Overview and Level Annotations

Branches:
Dungeon (6/15)
 Temple: D:4-7

Altars:
Ru
Sif Muna

Shops:
D:4 (


Innate Abilities, Weirdness & Mutations

You have a beak for a mouth.
You have claws for feet.
Your magical nature lets you fly swiftly and evasively.


Message History

e - a wand of paralysis (3)
Items here: ) [ ††.
Okay, then.
You start resting.
HP restored.
You start waiting.
i - a murky black potion
Items here: ) [ ÷÷.
Found 32 arrows.
Key pressed, stopping explore.
k - a silver javelin A wyvern zombie comes into view.
A wyvern zombie is nearby!
A wyvern zombie is nearby!
The wyvern zombie misses you.
You hit the wyvern zombie but do no damage.
The wyvern zombie closely misses you. The wyvern zombie barely misses you.
You hit the wyvern zombie but do no damage.
You claw the wyvern zombie.
The wyvern zombie is lightly damaged.
The wyvern zombie bites you!
You punch the wyvern zombie! You claw the wyvern zombie.
The wyvern zombie is moderately damaged.
The wyvern zombie barely misses you.
You hit the wyvern zombie. Your kick misses the wyvern zombie.
The wyvern zombie is heavily damaged.
The wyvern zombie bites you!
You hit the wyvern zombie. You claw the wyvern zombie.
You peck the wyvern zombie, but do no damage.
The wyvern zombie is severely damaged.
The wyvern zombie misses you.
You are too injured to fight recklessly!
You hit the wyvern zombie. You claw the wyvern zombie.
The wyvern zombie is almost destroyed.
The wyvern zombie bites you. The wyvern zombie bites you!
* * * LOW HITPOINT WARNING * * *
You hit the wyvern zombie. You claw the wyvern zombie.
The wyvern zombie is almost destroyed.
The wyvern zombie bites you!
You die...

#..# #..# ## ## #..# .
.# #..# .#.# #..# ...
#..# #.# #..#
#.#####.#####.#).######
#....Z@.......#<)[.....
#######.#######.####...
#.# #.####.## #.#
#........ #.# ######.#.
#.# #.#. #.# ######.#.
#.# #......#. #.# #.#
#..#.


You could see a wyvern zombie.

Vanquished Creatures
  Purgy (D:4)
  A bullfrog (D:4)
  A hound (D:3)
  Ijyb (D:4)
  Natasha (twice) (D:3)
  An ufetubus (D:3)
  4 orcs
  2 bats (D:3)
  2 giant cockroaches
  A goblin (D:3)
  A hobgoblin (D:3)
  3 jackals (D:4)
  2 kobolds (D:3)
  3 training dummies (D:4)
  A ball python (D:4)
  2 frilled lizards (D:3)
  2 rats (D:3)
30 creatures vanquished.

Vanquished Creatures (others)
  16 fungi (D:3)
16 creatures vanquished.

Grand Total: 46 creatures vanquished

Notes
Turn   | Place    | Note
-------+----------+-------------------------------------------
     0 | D:5      | comborobin the Tengu Delver began the quest for the Orb.
     0 | D:5      | Reached XP level 1. HP: 14/14 MP: 2/2
     7 | D:6      | Noticed a water moccasin
     7 | D:6      | Found a sacrificial altar of Ru.
    22 | D:4      | Found Nyno's Firing Range.
    83 | D:3      | Found a shimmering blue altar of Sif Muna.
   140 | D:3      | Reached XP level 2. HP: 2/20 MP: 3/3
  1013 | D:3      | Reached XP level 3. HP: 18/24 MP: 4/4
  1116 | D:3      | Noticed Natasha
  1124 | D:3      | Killed Natasha
  1260 | D:3      | Reached skill level 1 in Armour
  1260 | D:3      | Reached XP level 4. HP: 5/29 MP: 5/5
  1644 | D:3      | Noticed Natasha
  1648 | D:3      | Killed Natasha
  1902 | D:4      | Noticed Purgy
  1906 | D:4      | Noticed Ijyb
  1909 | D:4      | Noticed a bullfrog
  1914 | D:4      | Gained mutation: Your magical nature lets you fly swiftly
                  | and evasively. [Tengu growth]
  1914 | D:4      | Reached XP level 5. HP: 29/34 MP: 6/6
  1949 | D:4      | Killed Ijyb
  1965 | D:4      | Killed Purgy
  1966 | D:4      | Reached XP level 6. HP: 10/40 MP: 7/7
  2318 | D:4      | Slain by a wyvern zombie

Illustrated notes

Levels and vault maps discovered:
D:3:      layout_basic, mainiacjoe_overflow_chevrons, uniq_natasha
D:4:      layout_loops_ring, minivault_23, nicolae_shop_firing_range,
          uniq_purgy, uniq_ijyb
D:5:      layout_rooms, nicolae_hepliaklqana_monster_ancestors,
          kennysheep_generic_room_4
D:6:      layout_loops_ring, nicolae_ru_sacrificial_ziggurat,
          gammafunk_temple_overflow_elements, serial_aquarium,
          aquarium_bridge_long_joined [aquarium_subvault_bridge,
          aquarium_subvault_balcony, aquarium_subvault_wall,
          aquarium_subvault_balcony, aquarium_subvault_bridge,
          aquarium_subvault_window], aquarium_bridge_square
          [aquarium_subvault_bridge, aquarium_subvault_window,
          aquarium_subvault_balcony, aquarium_subvault_bridge],
          aquarium_window_fake, aquarium_window_3, aquarium_window_1,
          aquarium_window_1, aquarium_view_2c, aquarium_view_2c,
          minmay_ogre_servants, uniq_sigmund, uniq_duvessa, uniq_eustachio

Skill      XL: |  1  2  3  4  5 |
---------------+----------------+-----
Fighting       | 4 |  4.9
Armour         | 1 2 |  2.7
Unarmed Combat | 3 |  3.8
Dodging        | 3 |  3.7
Stealth        | |  5.0

Action                   |  1- 3 |  4- 6 || total
-------------------------+-------+-------++-------
Melee: Unarmed           |    54 |    71 ||   125
       Kick              |    13 |    25 ||    38
       Peck              |     4 |    12 ||    16
       Punch             |       |     1 ||     1
Throw: Javelin           |     1 |     1 ||     2
       Throwing net      |     1 |       ||     1
  Use: Potion            |       |     3 ||     3
 Stab: Sleeping          |     3 |     1 ||     4
Armor: Leather armour    |    12 |    20 ||    32
Dodge: Dodged            |    25 |    50 ||    75
